 Dungeon Crawl Stone Soup version 0.29.0-4-gdea44cf6ec (webtiles) character file.

Game seed: 6837605275201664863

47 qw the Chopper (level 3, 0/21 HPs)
             Began as a Tengu Warper on Aug 28, 2022.
             Succumbed to an adder's poison
             ... on level 2 of the Dungeon.
             The game lasted 00:00:09 (1270 turns).

qw the Chopper (Tengu Warper)                       Turns: 1270, Time: 00:00:10

Health: 0/21       AC:  6    Str: 13    XL:     3   Next: 70%
Magic:  7/7        EV:  9    Int: 13    God:
Gold:   25         SH:  0    Dex: 13    Spells: 6/6 levels left

rFire   . . .      SeeInvis .   Y - +0 hand axe
rCold   . . .      Faith    .   (no shield)
rNeg    . . .      Spirit   .   k - +0 scale mail
rPois   .          Reflect  .   (helmet restricted)
rElec   .          Harm     .   (no cloak)
rCorr   .          Rampage  .   (no gloves)
Will    .....                   (boots unavailable)
Stlth   ..........              (no amulet)
HPRegen 0.07/turn               (no ring)
MPRegen 0.10/turn               (no ring)

@: lethally poisoned (0 -> -4)
A: beak, talons 3
a: no special abilities


You were on level 2 of the Dungeon.
You visited 1 branch of the dungeon, and saw 2 of its levels.

You collected 25 gold pieces.


Innate Abilities, Weirdness & Mutations

You have a beak for a mouth.
You have claws for feet.


   Skills:
 - Level 2.0 Fighting
 + Level 4.3 Axes
 - Level 1.0 Throwing
 - Level 1.1 Armour
 - Level 2.1 Dodging
 - Level 2.0 Spellcasting
 - Level 2.4 Translocations


You had 6 spell levels left.
You didn't know any spells.
Your spell library contained the following spells:

 Spells                   Type           Power      Damage    Failure   Level
 Blink                    Tloc           14%        N/A       56%         2
 Gell's Gravitas          Tloc           7%         N/A       80%         3
 Lesser Beckoning         Tloc           7%         N/A       80%         3
 Teleport Other           Tloc           7%         N/A       80%         3
 Manifold Assault         Tloc           7%         N/A       100%        5

Inventory:

Hand Weapons
 f - a +0 whip
 Y - a +0 hand axe (weapon)
Armour
 k - a +0 scale mail (worn)
Scrolls
 a - a scroll of amnesia {unknown}
Potions
 d - a potion of might {unknown}
 g - a potion of cancellation
 i - a potion of curing {unknown}

Dungeon Overview and Level Annotations

Branches:
Dungeon (2/15)

Altars:

Shops:
D:1 =


Message History

You hit the adder. The adder completely misses you.
The adder barely misses you. The adder bites you.
You are poisoned.
The adder poisons you!
You hit the adder. Your peck misses the adder.
The adder is heavily wounded.
You closely miss the adder.
You feel sick. The adder completely misses you. The adder barely misses you.
The adder bites you.
You hit the adder.
The adder is almost dead.
You closely miss the adder.
You feel sick. The adder barely misses you. The adder completely misses you.
You barely miss the adder. You claw the adder.
You kill the adder!
You closely miss the adder.
You feel sick. The adder barely misses you. The adder completely misses you.
You miss the adder. Your peck misses the adder.
The adder is moderately wounded.
You feel sick. The adder misses you.
You miss the adder. You claw the adder, but do no damage.
The adder is moderately wounded.
You feel sick. The adder closely misses you.
You hit the adder.
The adder is heavily wounded.
You feel sick.
You are no longer poisoned.
The adder bites you but does no damage. The adder bites you.
You are lethally poisoned!
The adder poisons you!
You miss the adder.
The adder is heavily wounded.
You feel sick. The adder bites you.
You hit the adder.
The adder is severely wounded.
You feel sick.
The adder bites you but does no damage. x2
You closely miss the adder.
The adder is severely wounded.
You die...

#############.#######.##
.......)......# .#
#############.# .# #.#
.# #############.# #
...........##.# ..#
.#########.##.# ###...#
.%<## #.##.###.......
.#..## #.##...@%......
.#...# #.#.####S......
####'# ###.%.......[..
7777.777777#.####>.#...#
....%)....7#.# #.## ..#
).........7#.# #.# ##
..~~~~~...7#.# #.#
.~~###~~..7#.## #.# .~##
##~..7#..# #.#


You could see an adder.

Vanquished Creatures
  An adder (D:2)
  A worm (D:2)
  5 ball pythons
  4 bats
  3 endoplasms (D:1)
  A giant cockroach (D:1)
  2 goblins (D:1)
  3 hobgoblins
  3 jackals (D:1)
  A quokka (D:1)
  2 frilled lizards (D:1)
  4 kobolds
  A rat (D:1)
31 creatures vanquished.

Notes
Turn   | Place    | Note
-------+----------+-------------------------------------------
     0 | D:1      | qw the Tengu Warper began the quest for the Orb.
     0 | D:1      | Reached XP level 1. HP: 12/12 MP: 4/4
     0 | D:1      | 0 ||| qw: Version: 0.1-a-89-g26bdef1
     0 | D:1      | 0 ||| qw: Game counter: 3031
     0 | D:1      | 0 ||| qw: Always use a shield: true
     0 | D:1      | 0 ||| qw: God list: Okawaru
     0 | D:1      | 0 ||| qw: Allow faded altars: false
     0 | D:1      | 0 ||| qw: Do Orc after D:15 true
     0 | D:1      | 0 ||| qw: Do second Lair branch before Depths: true
     0 | D:1      | 0 ||| qw: Lair rune preference: random
     0 | D:1      | 0 ||| qw: Plans: Normal
     0 | D:1      | 0 ||| PLANNING D:1-11
    31 | D:1      | Found Jucy's Jewellery Boutique.
    40 | D:1      | 40 ||| SHOPLISTING +6 ring of dexterity (360 gold, have 0).
    40 | D:1      | 40 ||| SHOPLISTING amulet of the acrobat (300 gold, have
                  | 0).
    40 | D:1      | 40 ||| SHOPLISTING ring of fire (250 gold, have 0).
    40 | D:1      | 40 ||| SHOPLISTING ring of poison resistance (200 gold,
                  | have 0).
    40 | D:1      | 40 ||| SHOPLISTING ring of protection from fire (250 gold,
                  | have 0).
    40 | D:1      | 40 ||| SHOPLISTING ring of willpower (250 gold, have 0).
    71 | D:1      | Reached XP level 2. HP: 15/17 MP: 6/6
   116 | D:1      | Reached skill level 3 in Axes
   319 | D:1      | 319 ||| Stepping ~*~*~tactically~*~*~ (stealth).
   322 | D:1      | 322 ||| Stepping ~*~*~tactically~*~*~ (stealth).
   326 | D:1      | 326 ||| Stepping ~*~*~tactically~*~*~ (stealth).
   328 | D:1      | 328 ||| Stepping ~*~*~tactically~*~*~ (stealth).
   397 | D:1      | 397 ||| Stepping ~*~*~tactically~*~*~ (stealth).
   398 | D:1      | 398 ||| Stepping ~*~*~tactically~*~*~ (stealth).
   401 | D:1      | 401 ||| Stepping ~*~*~tactically~*~*~ (stealth).
   402 | D:1      | 402 ||| Stepping ~*~*~tactically~*~*~ (stealth).
   403 | D:1      | 403 ||| Stepping ~*~*~tactically~*~*~ (stealth).
   404 | D:1      | 404 ||| Stepping ~*~*~tactically~*~*~ (stealth).
   462 | D:1      | 462 ||| Stepping ~*~*~tactically~*~*~ (stealth).
   482 | D:1      | 482 ||| Stepping ~*~*~tactically~*~*~ (stealth).
   487 | D:1      | 487 ||| Stepping ~*~*~tactically~*~*~ (stealth).
   488 | D:1      | 488 ||| Stepping ~*~*~tactically~*~*~ (stealth).
   493 | D:1      | Reached XP level 3. HP: 15/21 MP: 7/7
   731 | D:1      | 731 ||| UPGRADING to +0 scale mail.
   741 | D:1      | 741 ||| DROPPING +0 leather armour.
   742 | D:1      | 742 ||| READING scroll labelled CARAIL CEGUWN.
   743 | D:1      | 743 ||| READING scroll labelled CAMUXE PUELACZY.
   750 | D:1      | 750 ||| DRINKING 2 amethyst potions.
   751 | D:1      | 751 ||| DRINKING 2 bubbling clear potions.
   852 | D:1      | 852 ||| DROPPING scroll of blinking.
   853 | D:1      | 853 ||| DROPPING potion of ambrosia.
   970 | D:2      | Reached skill level 4 in Axes
  1181 | D:2      | 1181 ||| FLEEEEING.
  1182 | D:2      | 1182 ||| FLEEEEING.
  1183 | D:2      | 1183 ||| FLEEEEING.
  1184 | D:2      | 1184 ||| FLEEEEING.
  1185 | D:2      | 1185 ||| FLEEEEING.
  1187 | D:2      | 1187 ||| FLEEEEING.
  1200 | D:2      | 1200 ||| FLEEEEING.
  1201 | D:2      | 1201 ||| FLEEEEING.
  1203 | D:2      | 1203 ||| FLEEEEING.
  1205 | D:2      | 1205 ||| FLEEEEING.
  1206 | D:2      | 1206 ||| FLEEEEING.
  1207 | D:2      | 1207 ||| FLEEEEING.
  1268 | D:2      | HP: 5/21 [poisoned by an adder]
  1269 | D:2      | HP: 1/21 [poisoned by an adder]
  1270 | D:2      | Succumbed to an adder's poison

Levels and vault maps discovered:
D:1:      dpeg_arrival_stonehenge_8_columns, layout_basic, serial_shops,
          nicolae_shop_stone
D:2:      layout_loops_ring, kennysheep_path_1, minmay_misc_feat_alley,
          grunt_decor_clamped, uniq_natasha

Skill      XL: |  1  2  3 |
---------------+----------+-----
Axes           | 3 4 |  4.3
Fighting       | |  2.0
Throwing       | |  1.0
Armour         | |  1.1
Dodging        | |  2.1
Spellcasting   | |  2.0
Translocations | |  2.4

Action                   || total
-------------------------++-------
Melee: Hand axe          ||    70
       Kick              ||    12
       Peck              ||     8
Throw: Boomerang         ||     7
  Use: Scroll            ||     2
       Potion            ||     2
Armor: Leather armour    ||    10
       Scale mail        ||    25
Dodge: Dodged            ||    36

Table legend:
 A = Non-vault XP
 B = Vault XP
 C = Vault XP percentage of total XP
 D = Non-vault monster count
 E = Vault monster count
 F = Vault count percentage of total count
                 A         B        C        D         E       F
            +---------+---------+-------+---------+---------+-------
      Total |      68 |       0 |   0.0 |      31 |       0 |   0.0
            +---------+---------+-------+---------+---------+-------
        D:1 |      40 |       0 |   0.0 |      23 |       0 |   0.0
        D:2 |      28 |       0 |   0.0 |       8 |       0 |   0.0
            +---------+---------+-------+---------+---------+-------
